 Dungeon Crawl Stone Soup version 0.23.2 (webtiles) character file.

Game seed: 8986264737946285224

105 Goblin1989 the Skirmisher (level 4, -2/35 HPs)
             Began as a Demonspawn Abyssal Knight on Apr 3, 2019.
             Was a Believer of Lugonu.
             Killed by nerve-wracking pain
             ... invoked by an orc priest
              (14 damage)
             ... on level 2 of the Dungeon.
             The game lasted 00:06:21 (3007 turns).

Goblin1989 the Skirmisher (DsAK)                    Turns: 3007, Time: 00:06:21

Health: -2/35      AC:  5    Str: 13    XL:     4   Next: 54%
Magic:  6/6        EV: 10    Int: 13    God:    Lugonu [**....]
Gold:   90         SH:  4    Dex: 17    Spells: 3/3 levels left

rFire    . . .     SeeInvis .   a - +1 short sword
rCold    . . .     Gourm    .   T - +0 buckler
rNeg     . . .     Faith    .   P - +0 ring mail
rPois    .         Spirit   .   (no helmet)
rElec    .         Reflect  .   (no cloak)
rCorr    .         Harm     .   (no gloves)
MR       .....                  (no boots)
Stlth    +++.......             (no amulet)
HPRegen  0.11/turn              (no ring)
MPRegen  0.10/turn              (no ring)

@: no status effects
A: thin skeletal structure 2, nightstalker 1
a: Depart the Abyss, Bend Space, Renounce Religion


You were on level 2 of the Dungeon.
You worshipped Lugonu.
Lugonu was pleased with you.
You were not hungry.

You visited 1 branch of the dungeon, and saw 3 of its levels.
You visited the Abyss 1 time.

You collected 90 gold pieces.

Inventory:

Hand Weapons
 a - a +1 short sword (weapon)
Missiles
 g - 8 bolts
 h - 137 stones (quivered) {@Q3}
 R - 5 exploding tomahawks
 S - 6 needles of sleeping
 X - 21 arrows
Armour
 P - a +0 ring mail (worn)
 T - a +0 buckler (worn)
Jewellery
 Y - a cursed ring of teleportation {unknown}
Scrolls
 Q - 2 scrolls of teleportation {unknown}
 V - a scroll of noise {unknown}
Potions
 f - a potion of berserk rage
 k - a potion of heal wounds {@q2}
 U - 3 potions of ambrosia
 Z - 3 potions of curing {@q1}
Comestibles
 e - 4 rations
 W - 6 chunks of flesh


   Skills:
 + Level 3.4 Fighting
 * Level 2.7 Short Blades
 + Level 1.8 Armour
 + Level 1.6 Dodging
 + Level 1.2 Stealth
 + Level 0.6 Shields
 + Level 3.4 Invocations


You had 3 spell levels left.
You didn't know any spells.
Your spell library was empty.

Dungeon Overview and Level Annotations

Branches:
Dungeon (3/15)

Altars:
Cheibriados


Innate Abilities, Weirdness & Mutations

You have a moderately thin skeletal structure. (Dex +4, Stealth+)
You are slightly more attuned to the shadows.


Message History

W - 7 chunks of flesh (gained 3) Health restored: 35 Some of the chunks of flesh in your inventory have rotted away.
h - 137 stones {@Q3} (gained 15)
A goblin comes into view.
A goblin is nearby!
The goblin shouts!
You hit the goblin.
You kill the goblin!
Lugonu accepts your kill.
No target in view!
No target in view!
No target in view!
No target in view!
No target in view!
No target in view!
No target in view!
No target in view!
No target in view!
No target in view!
No target in view!
No target in view!
No target in view!
No target in view!
No target in view!
No target in view!
No target in view!
No target in view!
No target in view!
No target in view!
You butcher the goblin corpse.
W - 7 chunks of flesh (gained 3)
You see here a goblin skeleton. x2
Done exploring.
Done exploring.
Done exploring.
(D) Dungeon
Where to? (Enter - D:2, ? - help)
You see here a ring mail.
Some of the chunks of flesh in your inventory have rotted away.
Things that are here:
an uncursed amulet of inaccuracy; a cursed +0 leather armour; a +0 club
There is a stone staircase leading down here.
You climb downwards.
The orc wizard gestures wildly while chanting.
The orc wizard flickers and vanishes!
Deactivating autopickup; reactivate with Ctrl-A.
You block the orc's attack.
There is a stone staircase leading up here.
Unknown command.
The orc hits you but does no damage.
You climb upwards.
Reactivating autopickup.
There is a stone staircase leading down here.
Unknown command.
You hit the orc.
The orc is severely wounded.
You block the orc's attack.
You hit the orc.
You kill the orc!
Lugonu accepts your kill.
No target in view!
No target in view!
No target in view!
No target in view!
No target in view!
No target in view!
No target in view!
No target in view!
No target in view!
No target in view!
No target in view!
No target in view!
No target in view!
No target in view!
No target in view!
No target in view!
No target in view!
No target in view!
You see here 5 exploding tomahawks.
R - 5 exploding tomahawks
There is a stone staircase leading down here.
You climb downwards.
There is a stone staircase leading up here.
Unknown command.
The orc priest invokes the aid of Beogh against you.
Beogh smites you!
You climb upwards.
There is a stone staircase leading down here.
You take 11 damage, and have 24/35 hp.
MASSIVE DAMAGE!!
Unknown command.
You barely miss the orc priest.
The orc priest invokes the aid of Beogh against you.
Beogh smites you!
* * * LOW HITPOINT WARNING * * *
You take 13 damage, and have 11/35 hp.
MASSIVE DAMAGE!!
You completely miss the orc priest.
The orc priest calls down the wrath of Beogh upon you.
Pain shoots through your body!
You die... █████ ███████ █...█ █.....█ █.█.█ ██████ █.....█ ███.█.█ █...?███ █.....█ █...█.█ ████

█.█....████.....█ █.███.████...
█.█..█...██.....█ █.█...█......
█.█..█.█.█....@o█ █.█.████.....
█.█..█.█.█......█ █.█.█........
█......█)█....█████.█.█.███....
█████..█.█....."..█.█...█ █....
█....█.██████.█.█████ █.███
████.......█ █...█ █████.███
█........█.██████████........
█.████████.█........█........
█.█ █.█.██████.█..[.....


You could see an orc priest.

Vanquished Creatures
  5 adders
  2 worms (D:2)
  3 dart slugs
  A leopard gecko (D:3)
  3 orcs
  3 giant cockroaches (D:1)
  5 hobgoblins
  3 jackals (D:2)
  4 bats
  3 frilled lizards
  5 goblins
  6 kobolds
  3 rats
46 creatures vanquished.

Notes
Turn   | Place    | Note
-------+----------+-------------------------------------------
     0 | Abyss:1  | Goblin1989 the Demonspawn Abyssal Knight began the quest
                  | for the Orb.
     0 | Abyss:1  | Reached XP level 1. HP: 18/18 MP: 2/2
    17 | D:1      | Escaped the Abyss
   219 | D:1      | Reached skill level 1 in Dodging
   262 | D:1      | Gained mutation: You have a somewhat thin skeletal
                  | structure. (Dex +2, Stealth) [demonic ancestry]
   262 | D:1      | Reached XP level 2. HP: 14/24 MP: 3/3
   516 | D:1      | Reached ** piety under Lugonu
  1027 | D:2      | Found a snail-covered altar of Cheibriados.
  1051 | D:2      | Gained mutation: You are slightly more attuned to the
                  | shadows. [demonic ancestry]
  1051 | D:2      | Reached XP level 3. HP: 17/29 MP: 5/5
  1085 | D:1      | HP: 1/29 [poisoned by an adder]
  1461 | D:2      | Reached skill level 1 in Stealth
  2211 | D:3      | Gained mutation: You have a moderately thin skeletal
                  | structure. (Dex +4, Stealth+) [demonic ancestry]
  2211 | D:3      | Reached XP level 4. HP: 35/35 MP: 6/6
  3007 | D:2      | Killed from afar by an orc priest

Skill      XL: |  1  2  3 |
---------------+----------+-----
Dodging        | 1 |  1.6
Short Blades   | 2 |  2.7
Invocations    | 3 |  3.4
Stealth        | 1 |  1.2
Fighting       | |  3.4
Armour         | |  1.8
Shields        | |  0.6

Action                   |  1- 3 |  4- 6 || total
-------------------------+-------+-------++-------
Melee: Short sword       |   115 |    59 ||   174
  Use: Scroll            |     2 |     4 ||     6
 Stab: Sleeping          |    12 |     2 ||    14
  Eat: Chunk             |     1 |     2 ||     3
       Ration            |     1 |       ||     1
Armor: Leather armour    |    22 |     7 ||    29
       Ring mail         |       |     4 ||     4
Dodge: Dodged            |    61 |    28 ||    89
Block: Buckler           |     4 |    12 ||    16

Levels and vault maps discovered:
D:1:      dpeg_arrival_stone_temple_mockup, layout_basic
D:2:      layout_basic, first_ration, cheibriados_altar_1
D:3:      layout_loops_cross, nicolae_ru_path_of_blood,
          chequers_ecumenical_altar_simple
Abyss:1
